AoeStats
← terra95

Lombardia

508862415Analyzed
2v2 RM · 8d ago on Sep 24, 2026· 17m 24s· 4 players
Game mode
Random Map
Map size
Medium (4 player)
Population
200
Speed
Normal
Resources
Standard
Victory
Conquest
Starting age
Dark Age
Ending age
Imperial Age
RankedLock teamsTeams togetherTeam positionsShared explorationLock speedFull tech treeHidden civsTurbo modeCheats
Victory
Defeat
🇩🇪 Saxons · Germany
1273
+20
🇩🇪 Varangians · Germany
1272
+20
🇫🇮 Varangians · Finland
1358
-21
🇬🇧 Bengalis · United Kingdom
1346
-19
secyde
8:03 Loom
10:25 Feudal Age
17:19 Scale Barding Armor
elitedurasteel
11:39 Feudal Age
9:57 Loom
11:42 Feudal Age
17:56 Castle Age
17:05 Double-Bit Axe
BlackRay
9:08 Feudal Age
8:59 Loom
10:05 Double-Bit Axe
10:01 Horse Collar
13:57 Bloodlines
15:41 Forging
16:56 Scale Barding Armor
terra95
7:01 Loom
10:04 Feudal Age
10:49 Man-at-Arms
14:29 Arson
15:21 Horse Collar
15:28 Double-Bit Axe
Connection lost

Rejoining the realm…

Still unreachable

The connection could not be restored.

Session expired

The server has moved on; the page needs a fresh start.